 Dungeon Crawl Stone Soup version 0.25-a0-346-g140ab784a8 (webtiles) character file.

Game seed: 15311505980170885830, levelgen mode: deterministic

153 BritishOli the Slasher (level 5, -1/40 HPs)
             Began as a Demonspawn Gladiator on Jan 1, 2020.
             Slain by an orc
             ... wielding a +0 hand axe
              (6 damage)
             ... on level 3 of the Dungeon.
             The game lasted 00:03:25 (1992 turns).

BritishOli the Slasher (Demonspawn Gladiator)       Turns: 1992, Time: 00:03:27

Health: -1/40      AC:  4    Str: 16    XL:     5   Next: 12%
Magic:  5/5        EV: 15    Int:  9    God:
Gold:   146        SH:  0    Dex: 14    Spells: 4/4 levels left

rFire    . . .     SeeInvis .   a - +0 long sword
rCold    . . .     Gourm    .   (no shield)
rNeg     . . .     Faith    .   b - +0 leather armour
rPois    .         Spirit   .   c - +0 helmet
rElec    .         Reflect  .   (no cloak)
rCorr    .         Harm     .   (no gloves)
MR       .....                  (no boots)
Stlth    +.........             (no amulet)
HPRegen  0.13/turn              (no ring)
MPRegen  0.09/turn              (no ring)

@: no status effects
A: talons 2, repulsion field 1, demonic guardian 1
a: no special abilities


You were on level 3 of the Dungeon.
You were near starving.

You visited 1 branch of the dungeon, and saw 3 of its levels.

You collected 146 gold pieces.

Inventory:

Hand Weapons
 a - a +0 long sword (weapon)
Missiles
 d - 3 throwing nets
 g - 11 boomerangs (quivered)
Armour
 b - a +0 leather armour (worn)
 c - a +0 helmet (worn)
Scrolls
 e - 2 scrolls of identify {unknown}
 j - 2 scrolls of enchant weapon {unknown}
 k - 4 scrolls of immolation {unknown}
 n - a scroll of remove curse {unknown}
 o - a scroll of magic mapping {unknown}
 q - a scroll of amnesia {unknown}
Potions
 h - 3 potions of lignification {unknown}
 i - a potion of berserk rage {unknown}
 l - a potion of flight {unknown}
 m - 2 potions of heal wounds {unknown}
 p - a potion of mutation {unknown}
Comestibles
 f - 5 rations


   Skills:
 + Level 2.9 Fighting
 * Level 3.7 Long Blades
 + Level 2.4 Throwing
 + Level 1.1 Armour
 + Level 3.4 Dodging


You had 4 spell levels left.
You didn't know any spells.
Your spell library was empty.

Dungeon Overview and Level Annotations

Branches:
Dungeon (3/15)

Altars:
Ru
Xom
Yredelemnul
Zin


Innate Abilities, Weirdness & Mutations

You have razor-sharp toenails.
You are surrounded by a mild repulsion field. (EV +2)
A weak demonic guardian rushes to your aid.


Message History

* * * LOW HITPOINT WARNING * * *
You are too injured to fight recklessly!
Unknown command.
Your quasit bites the orc but does no damage.
Your quasit claws the orc but does no damage. x2
Things that are here:
a +0 falchion; an orc corpse Your quasit closely misses the orc.
Your quasit claws the orc but does no damage.
Your quasit barely misses the orc.
Your quasit bites the orc but does no damage.
Your quasit claws the orc but does no damage. x2
You barely miss the orc. Your kick misses the orc.
The orc hits you with a +0 hand axe!
* * * LOW HITPOINT WARNING * * *
The orc misses your quasit.
Your quasit closely misses the orc.
Your quasit claws the orc. x2
The orc wizard points at you and mumbles some strange words.
The magic dart hits your quasit! The orc hits you with a +0 hand axe.
You die...

.....# #.. ... .....# #.#
.... .....### ##.# .....
.)รท....# #..###...<..
.)(....# ##.#.o.......
8)8....######(.o)##......
###....##.....#5## ###.#
..)............o####
................@..#
###...._...........#
###(.#####.........#
.....#..A#...#.....#
##...#...#.........#
##(.#...#...#.....#
#..#####........##
#...._.....####.#
####........


You could see an orc wizard, an orc and a friendly quasit.

Vanquished Creatures
  Jessica (D:3)
  Ijyb (D:3)
  3 gnolls (D:3)
  2 adders
  A dart slug (D:1)
  2 leopard geckos (D:2)
  An orc (D:3)
  2 giant cockroaches
  11 goblins
  8 hobgoblins
  5 kobolds
  A quokka (D:3)
  A ball python (D:1)
  7 bats
  3 frilled lizards
  6 rats
55 creatures vanquished.

Vanquished Creatures (collateral kills)
  2 orcs (D:3)
  A goblin (D:3)
  A hobgoblin (D:3)
  A kobold (D:3)
5 creatures vanquished.

Grand Total: 60 creatures vanquished

Notes
Turn   | Place    | Note
-------+----------+-------------------------------------------
     0 | D:1      | BritishOli the Demonspawn Gladiator began the quest for the
                  | Orb.
     0 | D:1      | Reached XP level 1. HP: 16/16 MP: 1/1
    92 | D:1      | Gained mutation: You are surrounded by a mild repulsion
                  | field. (EV +2) [demonic ancestry]
    92 | D:1      | Reached XP level 2. HP: 22/22 MP: 2/2
   597 | D:2      | Gained mutation: A weak demonic guardian rushes to your
                  | aid. [demonic ancestry]
   597 | D:2      | Reached XP level 3. HP: 19/28 MP: 3/3
  1165 | D:2      | Found a sacrificial altar of Ru.
  1381 | D:3      | Gained mutation: You have sharp toenails. [demonic
                  | ancestry]
  1381 | D:3      | Reached XP level 4. HP: 34/34 MP: 4/4
  1428 | D:3      | Found a shimmering altar of Xom.
  1429 | D:3      | Noticed an angel
  1430 | D:3      | Found a glowing silver altar of Zin.
  1500 | D:3      | Found a basalt altar of Yredelemnul.
  1576 | D:3      | Noticed Jessica
  1584 | D:3      | Killed Jessica
  1584 | D:3      | Reached skill level 1 in Armour
  1667 | D:3      | Noticed Ijyb
  1689 | D:3      | Killed Ijyb
  1689 | D:3      | Gained mutation: You have razor-sharp toenails. [demonic
                  | ancestry]
  1689 | D:3      | Reached XP level 5. HP: 4/40 MP: 5/5
  1992 | D:3      | Slain by an orc

Levels and vault maps discovered:
D:1:      lemuel_arrival_room, layout_basic
D:2:      minmay_skewed_foursquare, layout_rooms, lemuel_coloured_pillars_altar,
          first_ration
D:3:      kennysheep_the_goblin_king, layout_rooms,
          grunt_temple_overflow_order_and_chaos_1,
          nicolae_overflow_crystal_walls, uniq_jessica

Skill      XL: |  1  2  3  4 |
---------------+-------------+-----
Throwing       | 2 |  2.4
Long Blades    | 3 |  3.7
Dodging        | 3 |  3.4
Armour         | 1 |  1.1
Fighting       | |  2.9

Action                   |  1- 3 |  4- 6 || total
-------------------------+-------+-------++-------
Melee: Long sword        |   100 |    46 ||   146
       Kick              |       |    15 ||    15
Throw: Boomerang         |     2 |       ||     2
 Stab: Sleeping          |     1 |       ||     1
  Eat: Chunk             |     2 |       ||     2
Armor: Leather armour    |    32 |     8 ||    40
Dodge: Dodged            |    74 |    56 ||   130
       Rpst.: Long sword |    29 |    11 ||    40

Table legend:
 A = Non-vault XP
 B = Vault XP
 C = Vault XP percentage of total XP
 D = Non-vault monster count
 E = Vault monster count
 F = Vault count percentage of total count
                 A         B        C        D         E       F
            +---------+---------+-------+---------+---------+-------
      Total |     116 |     103 |  47.0 |      42 |      18 |  30.0
            +---------+---------+-------+---------+---------+-------
        D:1 |      32 |       0 |   0.0 |      20 |       0 |   0.0
        D:2 |      12 |      27 |  69.2 |       6 |      10 |  62.5
        D:3 |      72 |      76 |  51.4 |      16 |       8 |  33.3
            +---------+---------+-------+---------+---------+-------
